cohdb
Replays
Latest Replays
All Replays
Popular Replays
Top Player Replays
Match Explorer
How It Works
Community
CoH3 Stats
Reddit
Sign in to upload your games and track your stats! →
Sign in with Steam
Match 44474907
Unlisted
Match 44474907
Overview
Messages
Build Orders
End
Construct Barracks
Riflemen Squad
Riflemen Squad
Riflemen Squad
Air Support Center
M1 Mortar Team
P-47 Strafing Run
Grenade Package
Grasshopper Recon Run
Construct Motor Pool
M8 Greyhound Armored Car
Engineer Squad
Grasshopper Recon Run
Grasshopper Recon Run
Construct Tank Depot
Arturokq
Trigan
Cyros
Jarkxi
0
0
Comments
sign in to comment!
No comments posted yet!